 Dungeon Crawl Stone Soup version 0.26.1-2-gb8aa6d0cf2 (webtiles) character file.

Game seed: 10368296444354970528

6955 windgrace the Protected (level 10, -2/93 HPs)
             Began as a Minotaur Monk on Feb 11, 2021.
             Was a High Priest of Ru.
             Slain by an eight-headed hydra (14 damage)
             ... on level 10 of the Dungeon.
             The game lasted 00:50:46 (9092 turns).

windgrace the Protected (Minotaur Monk)             Turns: 9092, Time: 00:50:46

Health: -2/93      AC: 14    Str: 16    XL:     10   Next: 80%
Magic:  9/9        EV: 12    Int:  7    God:    Ru [*****.]
Gold:   580        SH:  0    Dex: 16    Spells: 9/9 levels left

rFire    + . .     SeeInvis .   S - +1 dagger (venom)
rCold    . . .     Faith    .   (shield unavailable)
rNeg     . . .     Spirit   .   C - +3 chain mail
rPois    .         Reflect  .   (helmet restricted)
rElec    .         Harm     +   t - scarf {harm}
rCorr    .         Rampage  .   (no gloves)
Will     .....                  (no boots)
Stlth    ..........             m - amulet of regeneration
HPRegen  0.65/turn              (ring unavailable)
MPRegen  0.11/turn              K - ring of protection from fire

@: no status effects
A: retaliatory headbutt, horns 2, missing a hand, inability to use devices, no
earth magic, no summoning magic, no transmutations magic
a: Renounce Religion, Draw Out Power, Power Leap, Apocalypse


You were on level 10 of the Dungeon.
You worshipped Ru.
Ru was extremely pleased with you.
You visited 2 branches of the dungeon, and saw 11 of its levels.

You collected 679 gold pieces.
You spent 99 gold pieces at shops.

Inventory:

Hand Weapons
 a - a +0 falchion
 d - a +0 short sword
 o - a +1 mace of venom
 p - a +0 long sword
 I - a +1 shortbow of flaming
 R - a +3 trident
 S - a +1 dagger of venom (weapon)
Missiles
 e - 312 stones (quivered)
 g - 146 arrows
 M - 6 javelins
Armour
 b - a +0 robe
 r - a +0 leather armour
 t - a scarf of harm (worn)
 v - a +0 ring mail
 y - a +1 scale mail
 z - a +0 ring mail
 C - a +3 chain mail (worn)
 F - a +0 buckler
 N - a +0 plate armour
 U - a scarf of shadows
Jewellery
 h - an uncursed amulet of faith
 m - an amulet of regeneration (around neck)
 K - a ring of protection from fire (right hand)
 P - an uncursed ring of flight
Wands
 u - a wand of random effects (13)
Scrolls
 f - 5 scrolls of teleportation
 q - 13 scrolls of identify
 s - 2 scrolls of magic mapping {unknown}
 x - a scroll of enchant weapon {unknown}
 B - a scroll of noise
 D - 2 scrolls of amnesia
 G - a scroll of enchant armour
 H - a scroll of fog {unknown}
 J - 2 scrolls of random uselessness {unknown}
 L - 4 scrolls of remove curse
 Q - a scroll of torment {unknown}
Potions
 c - 3 potions of flight {unknown}
 i - 7 potions of curing
 j - a potion of cancellation {unknown}
 k - 2 potions of lignification
 l - 2 potions of invisibility {unknown}
 n - 2 potions of haste {unknown}
 w - 2 potions of heal wounds {unknown}
 A - a potion of brilliance {unknown}
 E - a potion of attraction {unknown}
 O - a potion of degeneration {unknown}
 T - 2 potions of berserk rage {unknown}


   Skills:
 + Level 9.9 Fighting
 * Level 2.2(6.1) Short Blades
 - Level 9.8(9.9) Long Blades
 * Level 10.7 Armour
 + Level 9.2 Dodging
 - Level 1.5 Stealth


You had 9 spell levels left.
You didn't know any spells.
Your spell library contained the following spells:

 Spells                   Type           Power        Failure   Level
 Freeze                   Ice            0%           99%         1
 Magic Dart               Conj           0%           99%         1
 Blink                    Tloc           N/A          100%        2
 Slow                     Hex            0%           100%        2
 Conjure Flame            Conj/Fire      0%           100%        3
 Frozen Ramparts          Ice            0%           100%        3
 Mephitic Cloud           Conj/Pois/Air  0%           100%        3
 Ozocubu's Armour         Ice            0%           100%        3
 Hailstorm                Conj/Ice       0%           100%        4
 Call Imp                 Summ           Unusable     N/A         2
 Summon Ice Beast         Ice/Summ       Unusable     N/A         4

Dungeon Overview and Level Annotations

Branches:
Dungeon (10/15)            Temple (1/1) D:7
   Lair: D:8-11         Orc: D:9-12

Altars:
Cheibriados
Dithmenos
Elyvilon
Hepliaklqana
Nemelex Xobeh
Okawaru
Qazlal
Ru
Trog
Vehumet
Xom
Zin
The Shining One

Shops:
D:6 ?


Innate Abilities, Weirdness & Mutations

You reflexively headbutt those who attack you in melee.
You have a pair of horns on your head.
You are missing a hand.
You cannot study or use magical devices.
You cannot study or cast Earth magic.
You cannot study or cast Summoning magic.
You cannot study or cast Transmutations magic.


Message History

The eight-headed hydra barely misses you.
The eight-headed hydra bites you.
The eight-headed hydra closely misses you.
The eight-headed hydra bites you.
* * * LOW HITPOINT WARNING * * *
The eight-headed hydra barely misses you.
You hit the eight-headed hydra. You headbutt the eight-headed hydra.
The eight-headed hydra is heavily wounded.
You hit the eight-headed hydra.
The eight-headed hydra is severely wounded.
The eight-headed hydra closely misses you.
You furiously retaliate!
You headbutt the eight-headed hydra!
The eight-headed hydra completely misses you.
The eight-headed hydra bites you.
* * * LOW HITPOINT WARNING * * *
The eight-headed hydra bites you but does no damage.
The eight-headed hydra bites you!
* * * LOW HITPOINT WARNING * * *
The eight-headed hydra bites you!
You die...

###### #....#
####.####
#.##.##.##.##.#
#....@D.......#
#.##†##.##.##$#
#.##.####
###...#
####.####
####.##.##.#
#.'...))...#
#.##.##.##.#
#.#####.####


You could see an eight-headed hydra (blind).

Vanquished Creatures
  A two-headed ogre (D:9)
  A troll (D:10)
  Grinder (D:5)
  A wraith (D:10)
  A wyvern (D:8)
  Edmund (D:5)
  Menkaure (D:6)
  Duvessa (D:3)
  3 orc warriors
  3 ice beasts
  3 sky beasts
  7 ogres
  2 phantoms
  A centaur (D:5)
  2 big kobolds
  3 bullfrogs
  A wyvern zombie (D:10)
  Dowan (D:3)
  2 gnoll sergeants
  A wyvern skeleton (D:7)
  2 scorpions
  A howler monkey (D:4)
  A bullfrog zombie (D:8)
  2 jellies
  2 centaur skeletons
  3 orc priests
  3 bullfrog skeletons
  3 hounds
  15 orc wizards
  Jessica (D:2)
  Ijyb (D:5)
  4 iguanas
  Natasha (thrice) (D:2)
  7 worker ants
  A hound skeleton (D:4)
  A worker ant zombie (D:8)
  15 gnolls
  14 adders
  5 shadow imps
  5 white imps
  3 ufetubi
  An ooze (D:2)
  2 adder skeletons
  3 adder zombies
  2 worms (D:4)
  3 dart slugs
  8 leopard geckos
  43 orcs
  6 bats
  2 giant cockroaches (D:3)
  9 goblins
  3 hobgoblins
  3 jackals (D:5)
  3 quokkas
  A ball python (D:4)
  4 frilled lizards
  14 kobolds
  A leopard gecko zombie (D:5)
  2 quokka zombies (D:5)
  9 rats
248 creatures vanquished.

Vanquished Creatures (others)
  A two-headed ogre (D:9)
  An unseen horror (D:7)
  A necrophage (D:7)
  A centaur (D:9)
  3 orcs
7 creatures vanquished.

Grand Total: 255 creatures vanquished

Notes
Turn   | Place    | Note
-------+----------+-------------------------------------------
     0 | D:1      | windgrace the Minotaur Monk began the quest for the Orb.
     0 | D:1      | Reached XP level 1. HP: 19/19 MP: 0/0
   195 | D:1      | Reached XP level 2. HP: 27/27 MP: 1/1
   335 | D:1      | Reached skill level 1 in Armour
   804 | D:2      | Noticed Natasha
   808 | D:2      | Killed Natasha
   809 | D:2      | Reached XP level 3. HP: 33/33 MP: 2/2
  1032 | D:2      | Noticed Natasha
  1035 | D:2      | Killed Natasha
  1036 | D:2      | Reached skill level 2 in Armour
  1036 | D:2      | Reached XP level 4. HP: 25/41 MP: 3/3
  1145 | D:2      | Noticed Natasha
  1439 | D:2      | Killed Natasha
  1585 | D:2      | Noticed Jessica
  1594 | D:2      | Reached XP level 5. HP: 36/47 MP: 4/4
  1602 | D:2      | Killed Jessica
  1623 | D:2      | Found a sacrificial altar of Ru.
  1623 | D:2      | Found a hazy altar of Hepliaklqana.
  1628 | D:2      | Found an iron altar of Okawaru.
  1631 | D:2      | Became a worshipper of Ru the Awakened
  1634 | D:2      | Gained mutation: You cannot study or cast Earth magic. [Ru
                  | sacrifice]
  1634 | D:2      | Gained mutation: You cannot study or cast Transmutations
                  | magic. [Ru sacrifice]
  1634 | D:2      | Gained mutation: You cannot study or cast Summoning magic.
                  | [Ru sacrifice]
  1634 | D:2      | Reached * piety under Ru
  1635 | D:2      | Found a stormy altar of Qazlal.
  1637 | D:2      | Found a bloodstained altar of Trog.
  1888 | D:3      | Found a radiant altar of Vehumet.
  2041 | D:3      | Reached skill level 5 in Fighting
  2041 | D:3      | Reached skill level 3 in Armour
  2046 | D:3      | Reached skill level 5 in Long Blades
  2266 | D:3      | Reached XP level 6. HP: 47/56 MP: 5/5
  2392 | D:4      | Noticed Dowan
  2411 | D:4      | Noticed Duvessa
  2493 | D:3      | Killed Duvessa
  2494 | D:3      | Reached skill level 5 in Dodging
  2510 | D:3      | Killed Dowan
  2511 | D:3      | Reached skill level 4 in Armour
  2666 | D:4      | Reached XP level 7. HP: 56/62 MP: 6/6
  3040 | D:4      | Reached skill level 5 in Armour
  3441 | D:4      | Found a sparkling altar of Nemelex Xobeh.
  3664 | D:5      | Entered Level 5 of the Dungeon
  3664 | D:5      | Noticed Grinder
  3669 | D:5      | Paralysed by Grinder for 3 turns
  3676 | D:5      | Paralysed by Grinder for 3 turns
  3681 | D:5      | Killed Grinder
  3682 | D:5      | Reached XP level 8. HP: 49/71 MP: 7/7
  3767 | D:5      | Noticed Ijyb
  3781 | D:5      | Killed Ijyb
  3826 | D:5      | Noticed Edmund
  3847 | D:5      | Killed Edmund
  3848 | D:5      | Reached skill level 6 in Armour
  3860 | D:5      | Gained mutation: You cannot study or use magical devices.
                  | [Ru sacrifice]
  3860 | D:5      | Reached ** piety under Ru
  3860 | D:5      | Reached *** piety under Ru
  4048 | D:5      | Found a shadowy altar of Dithmenos.
  4267 | D:5      | Reached skill level 1 in Shields
  4579 | D:6      | Noticed Menkaure
  4583 | D:6      | Killed Menkaure
  4595 | D:6      | Found Kosi's Magic Scroll Boutique.
  4599 | D:6      | Bought a scroll of remove curse for 33 gold pieces
  4599 | D:6      | Bought a scroll of remove curse for 33 gold pieces
  4599 | D:6      | Bought a scroll of remove curse for 33 gold pieces
  4622 | D:6      | Reached XP level 9. HP: 48/80 MP: 8/8
  5030 | D:6      | Found a shadowy altar of Dithmenos.
  5186 | D:6      | Found a glowing golden altar of the Shining One.
  5655 | D:7      | Reached skill level 7 in Armour
  5841 | D:7      | Noticed an angel
  5842 | D:7      | Found a shimmering altar of Xom.
  5842 | D:7      | Found a glowing silver altar of Zin.
  5901 | D:7      | Found a staircase to the Ecumenical Temple.
  5936 | D:7      | Gained mutation: You are missing a hand. [Ru sacrifice]
  5936 | D:7      | Reached **** piety under Ru
  5936 | D:7      | Reached ***** piety under Ru
  6593 | D:7      | Found a hazy altar of Hepliaklqana.
  6599 | D:7      | Reached skill level 8 in Armour
  6747 | D:7      | Killed an unseen horror
  6868 | Temple   | Entered the Ecumenical Temple
  6989 | D:8      | Reached XP level 10. HP: 68/91 MP: 9/9
  7185 | D:8      | Reached skill level 9 in Armour
  7752 | D:9      | Found a white marble altar of Elyvilon.
  7789 | D:9      | Found a snail-covered altar of Cheibriados.
  8018 | D:9      | Noticed a two-headed ogre
  8033 | D:9      | Killed a two-headed ogre
  8158 | D:9      | Noticed a two-headed ogre
  8166 | D:9      | Killed a two-headed ogre
  8167 | D:9      | Reached skill level 10 in Armour
  8545 | D:10     | Entered Level 10 of the Dungeon
  8662 | D:10     | Reached skill level 1 in Short Blades
  9076 | D:10     | Noticed an eight-headed hydra
  9092 | D:10     | Slain by an eight-headed hydra

Illustrated notes

Levels and vault maps discovered:
D:1:      shiori_arrival_maze, layout_loops_cross
D:2:      layout_basic, chequers_temple_overflow_minitemple, uniq_jessica,
          uniq_natasha
D:3:      layout_rooms, lemuel_round_altar
D:4:      layout_basic, kennysheep_mini, serial_curves, eino_curves_04,
          eino_curves_01, minmay_misc_feat_five, uniq_duvessa
D:5:      layout_cave_pools, nicolae_overflow_crystal_walls,
          hangedman_minor_gate_pass, uniq_edmund, uniq_ijyb, uniq_grinder
D:6:      layout_rooms, lemuel_doored_altar, serial_shops, shop,
          grunt_dithmenos_smoke_and_mirrors, uniq_menkaure
D:7:      layout_gridville, grunt_temple_overflow_order_and_chaos_1,
          minmay_temple_entry_ruins, lemuel_tele_altar
D:8:      layout_gridville
D:9:      layout_basic, overflow_temple_1_default, elyvilon_altar_5
D:10:     hangedman_cross_veins, layout_stronghold, lair_entry_dummy,
          nicolae_looking_at_the_future
Temple:   nicolae_temple_figure_zero

Skill      XL: |  1  2  3  4  5  6  7  8  9 10 |
---------------+-------------------------------+-----
Armour         | 1 2 3 4 5 6 8 10 | 10.7
Long Blades    | 4 5 6 7 9 |  9.8
Fighting       | 4 5 6 7 9 |  9.9
Dodging        | 4 5 6 7 8 9 |  9.2
Shields        | 3 0 |  0.0
Short Blades   | 2 |  2.2
Stealth        | |  1.5

Action                   |  1- 3 |  4- 6 |  7- 9 | 10-12 || total
-------------------------+-------+-------+-------+-------++-------
Melee: Falchion          |    37 |   141 |   447 |   144 ||   769
       Headbutt          |     6 |    32 |   110 |    69 ||   217
       Dagger            |       |       |       |    81 ||    81
Throw: Stone             |       |     1 |       |       ||     1
Invok: Sacrifice Arcana  |       |     1 |       |       ||     1
       Sacrifice Artific |       |       |     1 |       ||     1
       Sacrifice a Hand  |       |       |     1 |       ||     1
       Power Leap        |       |       |       |     2 ||     2
  Use: Scroll            |       |       |     7 |     2 ||     9
 Stab: Sleeping          |     2 |     1 |       |       ||     3
       Distracted        |       |       |     1 |     1 ||     2
       Paralysed         |       |       |    13 |     1 ||    14
       Invisible         |       |       |     3 |       ||     3
Armor: Robe              |     5 |     2 |       |       ||     7
       Leather armour    |       |    21 |     1 |       ||    22
       Scale mail        |       |       |    30 |       ||    30
       Chain mail        |       |       |   133 |    82 ||   215
Dodge: Dodged            |    15 |    96 |   181 |    94 ||   386
Block: Buckler           |       |       |    50 |       ||    50
       Rpst.: Falchion   |     6 |    18 |    42 |    12 ||    78
